 Dungeon Crawl Stone Soup version 0.30.1-9-gdf580d7c3d (webtiles) character file.

Game seed: 11885568169374772149

25 pkoi the Insei (level 2, -2/26 HPs)
             Began as a Draconian Monk on Oct 19, 2023.
             Slain by a gnoll
             ... wielding a +0 flail
              (6 damage)
             ... on level 2 of the Dungeon.
             The game lasted 00:01:11 (1087 turns).

pkoi the Insei (Draconian Monk)                     Turns: 1087, Time: 00:01:11

Health: -2/26      AC:  4    Str: 13    XL:     2   Next: 82%
Magic:  2/2        EV: 12    Int: 10    God:
Gold:   136        SH:  0    Dex: 13    Spells: 1/1 levels left

rFire   . . .        g - +2 dagger (pain)
rCold   . . .        (no shield)
rNeg    . . .        (body armour unavailable)
rPois   .            (helmet restricted)
rElec   .            (no cloak)
rCorr   .            (no gloves)
SInv    .            (no boots)
Will    .....        (no amulet)
Stlth   ++           (no ring)
HPRegen 0.24/turn    (no ring)
MPRegen 0.08/turn

%: no passive effects
@: unable to read
A: AC +4, unfitting armour, cold-blooded, inability to read after injury 1
a: no special abilities


You were on level 2 of the Dungeon.
You visited 1 branch of the dungeon, and saw 2 of its levels.

You collected 136 gold pieces.

Inventory:

Hand Weapons
 g - a +2 dagger of pain (weapon)
Armour
 b - an orb of light
Potions
 a - a potion of ambrosia
 c - a potion of magic {unknown}
 e - a potion of resistance
 j - a potion of flight
 k - a potion of attraction


   Skills:
 - Level 3.2 Fighting
 - Level 2.6 Dodging
 + Level 0.9 Stealth
 * Level 3.9 Unarmed Combat


You had one spell level left.
You didn't know any spells.
Your spell library contained the following spells:

 Spells                   Type           Power      Damage    Failure   Level
 Inner Flame              Hex/Fire       0%         N/A       75%         3
 Flame Wave               Conj/Fire      0%         2d4       98%         4
 Sticky Flame             Conj/Fire      0%         2d3       98%         4
 Yara's Violent Unravell  Hex/Tmut       0%         3d3       100%        5
 Enfeeble                 Hex            0%         N/A       100%        7


Dungeon Overview and Level Annotations

Branches:
Dungeon (2/15)

Altars:


Innate Abilities, Weirdness & Mutations

Your plain brown scales are hard. (AC +4)
You cannot fit into any form of body armour.
You are cold-blooded and may be slowed by cold attacks.
You occasionally lose the ability to read scrolls when taking damage.


Message History

No target in view!
No target in view!
No target in view!
No target in view!
No target in view!
No target in view!
No target in view!
You start resting.
HP restored.
You open the door.
A frilled lizard comes into view.
The frilled lizard hisses angrily.
You hear a shout!
A frilled lizard is nearby!
A frilled lizard is nearby!
There is an open door here.
A gnoll comes into view. It is wielding a +0 flail.
The frilled lizard barely misses you.
A gnoll comes into view. It is wielding a +0 flail.
You closely miss the frilled lizard.
The gnoll shouts!
Your tail-slap misses the frilled lizard.
You hear a shout!
The frilled lizard completely misses you.
You hit the frilled lizard.
You kill the frilled lizard!
A gnoll comes into view. It is wielding a +0 club.
The gnoll hits you with a +0 flail!
Ouch! That really hurt!
You are too injured to fight recklessly!
There are monsters nearby!
There are monsters nearby!
You are too injured to fight recklessly!
The gnoll attacks as you move away! The gnoll hits you with a +0 flail!
You feel threatened and lose the ability to read scrolls!
* * * LOW HITPOINT WARNING * * *
You can read scrolls again.
There is an open door here.
You closely miss the gnoll. The gnoll hits you with a +0 flail.
You feel threatened and lose the ability to read scrolls!
You die...

##.....## #.###.#.#
##.......## #.#.#.#.#
#.........###.....#.##
+.........+...........
#.........###.....#.##
##.......## #.#.#.#.#
##.....## #.......#
##...## #####.###
##@## #.# #g# #.#
####g##### #.#
#...g....# #.#
.....#...##.# #.#
...#......# .# ##
#.#...## #.##... #
##.##


You could see 3 gnolls.

Vanquished Creatures
  A worm (D:2)
  3 endoplasms (D:1)
  A goblin (D:1)
  2 hobgoblins (D:1)
  5 jackals (D:1)
  A quokka (D:1)
  3 bats
  2 frilled lizards
  2 rats (D:1)
20 creatures vanquished.

Notes
Turn   | Place    | Note
-------+----------+-------------------------------------------
     0 | D:1      | pkoi the Draconian Monk began the quest for the Orb.
     0 | D:1      | Reached XP level 1. HP: 19/19 MP: 1/1
   322 | D:1      | Reached XP level 2. HP: 26/26 MP: 2/2
   681 | D:2      | Gained mutation: You occasionally lose the ability to read
                  | scrolls when taking damage. [potion of mutation]
  1087 | D:2      | Slain by a gnoll

Illustrated notes

Levels and vault maps discovered:
D:1:      dpeg_arrival_rooms_with_view, layout_basic, item_on_display_b
D:2:      layout_loops_corners, minmay_pentomino_z2

Action                     || total
---------------------------++-------
  Melee: Unarmed           ||    25
         Tailslap          ||    12
         Dagger            ||    44
         Punch             ||     1
    Use: Scroll            ||     8
         Potion            ||     3
   Stab: Sleeping          ||     2
 Armour: Skin              ||    21
  Dodge: Dodged            ||    65
